 Dungeon Crawl Stone Soup version 0.31-a0-460-g9e667d4245 (webtiles) character file.

Game seed: 5059429346829297239

100 RepHenryClay the Slasher (level 4, 0/51 HPs)
             Began as a Barachi Warper on Aug 5, 2023.
             Constricted to death by Ijyb (4 damage)
             ... on level 3 of the Dungeon.
             The game lasted 00:02:35 (1953 turns).

RepHenryClay the Slasher (Barachi Warper)           Turns: 1953, Time: 00:02:35

Health: 0/51       AC:  3    Str: 13    XL:     4   Next: 74%
Magic:  7/7        EV:  9    Int: 13    God:
Gold:   123        SH:  0    Dex: 13    Spells: 7/7 levels left

rFire   . . .        a - +0 falchion
rCold   . . .        (no shield)
rNeg    . . .        b - +0 leather armour
rPois   .            (no helmet)
rElec   .            (no cloak)
rCorr   .            (no gloves)
SInv    .            (no boots)
Will    +....        (no amulet) Stlth
                     j - ring of willpower
HPRegen 0.28/turn    (no ring)
MPRegen 0.10/turn

%: no passive effects
@: berserking, grasped by roots, constricted, quick
A: amphibious, slowness 1, strong legs 1, +LOS
a: Hop


You were on level 3 of the Dungeon.
You visited 1 branch of the dungeon, and saw 3 of its levels.

You collected 123 gold pieces.

Inventory:

Hand Weapons
 a - a +0 falchion (weapon)
Missiles
 d - 7 darts of dispersal (quivered)
Armour
 b - a +0 leather armour (worn)
Jewellery
 j - a ring of willpower (left hand)
 k - an amulet of magic regeneration
Wands
 l - a wand of mindburst (21)
Scrolls
 c - a scroll of blinking
 e - 2 scrolls of poison {unknown}
 f - 2 scrolls of enchant weapon {unknown}
 g - a scroll of enchant armour {unknown}
 m - a scroll of butterflies {unknown}
 n - 2 scrolls of identify {unknown}
 o - a scroll of noise {unknown}
 p - a scroll of immolation {unknown}
 r - a scroll of teleportation {unknown}
Potions
 h - a potion of magic
 q - 2 potions of brilliance


   Skills:
 - Level 2.4 Fighting
 + Level 5.8 Long Blades
 - Level 1.0 Throwing
 - Level 1.2 Armour
 - Level 2.1 Dodging
 - Level 2.1 Spellcasting
 - Level 3.2 Translocations


You had 7 spell levels left.
You didn't know any spells.
Your spell library contained the following spells:

 Spells                   Type           Power      Damage    Failure   Level
 Blink                    Tloc           18%        N/A       12%         2
 Lesser Beckoning         Tloc           18%        N/A       12%         2
 Teleport Other           Tloc           9%         N/A       24%         3
 Magic Dart               Conj           4%         1d3       32%         1
 Searing Ray              Conj           2%         2d4       43%         2
 Portal Projectile        Hex/Tloc       10%        N/A       43%         3
 Vhi's Electric Charge    Tloc/Air       10%        N/A       43%         3
 Manifold Assault         Tloc           9%         N/A       63%         4
 Tukima's Dance           Hex            1%         N/A       67%         3
 Iskenderun's Mystic Bla  Conj/Tloc      5%         2d3       85%         4
 Fulminant Prism          Conj/Hex       0%         3d5       97%         4


Dungeon Overview and Level Annotations

Branches:
Dungeon (3/15)

Altars:

Annotations:
D:2 1 runed translucent door, Crazy Yiuf
D:3 Ijyb


Innate Abilities, Weirdness & Mutations

You are amphibious.
You cover ground slowly.
You can hop short distances.
You have an extended range of vision and can be seen from far away.


Message History

Damage: -9%(-3hp) hp: 65%(22hp)
You escape the roots grasp.
It was a potion of berserk rage.
A red film seems to cover your vision as you go berserk!
You feel yourself moving faster!
You feel mighty!
Ijyb zaps a wand.
The roots erupt in riotous growth!
The grasping roots grab you! The grasping roots constrict you.
You hear a shout!
You escape the roots grasp.
You feel a strong urge to attack something.
Ijyb hits you with a +0 club.
Damage: -7%(-4hp) hp: 50%(25hp)
You barely miss Ijyb.
Ijyb zaps a wand.
The roots erupt in riotous growth!
The grasping roots grab you!
Ijyb is unaffected.
The grasping roots constrict you!
* * * LOW HITPOINT WARNING * * *
You hit Ijyb.
Ijyb is lightly wounded.
Huge Dmg: -12%(-6hp) hp: 38%(19hp)
You hit Ijyb but do no damage.
Ijyb is lightly wounded.
Ijyb hits you with a +0 club.
* * * LOW HITPOINT WARNING * * *
The grasping roots constrict you.
* * * LOW HITPOINT WARNING * * *
Huge Dmg: -16%(-8hp) hp: 22%(11hp)
You hit Ijyb but do no damage.
Ijyb is lightly wounded.
Ijyb hits you with a +0 club.
* * * LOW HITPOINT WARNING * * *
The grasping roots constrict you.
* * * LOW HITPOINT WARNING * * *
Huge Dmg: -16%(-8hp) hp: 6%(3hp)
You slash Ijyb!
Ijyb is moderately wounded.
You slash Ijyb!
Ijyb is almost dead.
Ijyb hits you but does no damage. The grasping roots constrict you.
You die...

############# ###########
#...........#
..........###...........#
............'......>....#
..........###...........##
........@.# #.............
........g.# #.............
..........# #######.#.....
..........# #.#.....
..........# #.#.....
..........# #.#.....
#.######### #.#..... #.
#.#..... #.....


You could see Ijyb.

Vanquished Creatures
  An orc wizard (D:2)
  2 worms (D:2)
  2 dart slugs (D:1)
  6 orcs
  2 endoplasms (D:1)
  2 giant cockroaches
  2 goblins (D:1)
  4 hobgoblins
  11 jackals (D:1)
  2 kobolds
  A quokka (D:1)
  7 ball pythons
  7 bats
  A frilled lizard (D:1)
  5 rats
55 creatures vanquished.

Notes
Turn   | Place    | Note
-------+----------+-------------------------------------------
     0 | D:1      | RepHenryClay the Barachi Warper began the quest for the
                  | Orb.
     0 | D:1      | Reached XP level 1. HP: 17/17 MP: 3/3
    64 | D:1      | Reached skill level 3 in Long Blades
   128 | D:1      | Reached XP level 2. HP: 21/23 MP: 5/5
   325 | D:1      | Reached skill level 4 in Long Blades
   329 | D:1      | Reached XP level 3. HP: 24/28 MP: 6/6
  1114 | D:2      | Found a runed translucent door.
  1115 | D:2      | Noticed Crazy Yiuf
  1304 | D:2      | Reached skill level 5 in Long Blades
  1320 | D:2      | Reached XP level 4. HP: 18/34 MP: 7/7
  1941 | D:3      | Noticed Ijyb
  1953 | D:3      | Constricted to death by Ijyb

Illustrated notes

Levels and vault maps discovered:
D:1:      amcnicky_arrival_flooded_fountain, layout_basic,
          dreamdust_princess_corridor
D:2:      layout_rooms, uniq_crazy_yiuf_cottage
D:3:      layout_basic, dreamdust_ecumenical_altar_drowned_temple,
          minmay_quadrilaterals, uniq_ijyb

Skill      XL: |  1  2  3 |
---------------+----------+-----
Long Blades    | 3 4 5 |  5.8
Fighting       | |  2.4
Throwing       | |  1.0
Armour         | |  1.2
Dodging        | |  2.1
Spellcasting   | |  2.1
Translocations | |  3.2

Action                     |  1- 3 |  4- 6 || total
---------------------------+-------+-------++-------
  Melee: Falchion          |   178 |    56 ||   234
         Punch             |     2 |     1 ||     3
    Use: Potion            |       |     4 ||     4
   Stab: Sleeping          |     3 |       ||     3
 Armour: Leather armour    |    61 |    12 ||    73
  Dodge: Dodged            |   156 |    17 ||   173

Table legend: (Time is in decaauts)
 A = Elapsed time spent in this place.
 B = Non-inter-level travel time spent in this place.
 C = Inter-level travel time spent in this place.
 D = Time resting spent in this place.
 E = Time spent auto-exploring this place.
 F = Levels seen in this place.
 G = Mean time per level.
                   A        B        C        D        E       F      G
               +--------+--------+--------+--------+--------+-----+--------+
         Total |   2213 |   2116 |     97 |      0 |   1681 |   3 |  737.7 |
       Dungeon |   2213 |   2116 |     97 |      0 |   1681 |   3 |  737.7 |
               +--------+--------+--------+--------+--------+-----+--------+

Top non-repeatable levels by time:
     D:1: 1078 daAuts
     D:2: 1045 daAuts
     D:3: 89 daAuts
